| TOP OF THE 1ST |
|
Birmingham Barons batting - Pitching for Montgomery Biscuits : RHP Eric Smith
|
|
Pitching: RHP Eric Smith
|
|
|
Batting: RHB Jeremy Hoffert
|
0-0: Called Strike 0-1: Swinging Strike 0-2: Foul Ball, location: 2F 0-2: Strikes out swinging
|
|
Batting: LHB Brandon Hopper
|
0-0: Swinging Strike 0-1: Swinging Strike 0-2: Strikes out swinging
|
|
Batting: RHB Guillermo Mojica
|
0-0: Foul Ball, location: 2F 0-1: Foul Ball, location: 2F 0-2: Ground out 6-3 (Groundball, 6, EV 89.4 MPH)
|
| Top of the 1st over - 0 runs, 0 hits, 0 errors, 0 left on base; Birmingham 0 - Montgomery 0 |
| BOTTOM OF THE 1ST |
|
Montgomery Biscuits batting - Pitching for Birmingham Barons : RHP Francisco Reyes
|
|
Pitching: RHP Francisco Reyes
|
|
|
Batting: LHB Bill McGregor
|
0-0: Ball 1-0: Ground out 4-3 (Groundball, 4, EV 87.5 MPH)
|
|
Batting: LHB Mark Marvin
|
0-0: Called Strike 0-1: Foul Ball, location: 2F 0-2: Ball 1-2: Foul Ball, location: 2F 1-2: Foul Ball, location: 2F 1-2: Foul Ball, location: 2F 1-2: Foul Ball, location: 2F 1-2: Ball 2-2: Ground out 6-3 (Groundball, 6, EV 91.2 MPH)
|
|
Batting: SHB Lou Kroneman
|
0-0: Ball 1-0: SINGLE (Groundball, 56D, EV 105.0 MPH)
|
|
Batting: RHB David Ward
|
0-0: Foul Ball, location: 2F 0-1: Ball 1-1: Fielders Choice at 2nd, 6-4 (Groundball, 6, EV 97.5 MPH)
|
| Bottom of the 1st over - 0 runs, 1 hit, 0 errors, 1 left on base; Birmingham 0 - Montgomery 0 |
| TOP OF THE 2ND |
|
Birmingham Barons batting - Pitching for Montgomery Biscuits : RHP Eric Smith
|
|
Batting: LHB Ryan Dyal
|
0-0: Ball 1-0: Called Strike 1-1: Fly out, F7 (Flyball, 7S, EV 95.0 MPH)
|
|
Batting: LHB Josh Pittman
|
0-0: Called Strike 0-1: Swinging Strike 0-2: Strikes out looking
|
|
Batting: LHB Carlos Ramirez
|
0-0: Called Strike 0-1: Ball 1-1: Ground out 5-3 (Groundball, 56, EV 88.8 MPH)
|
| Top of the 2nd over - 0 runs, 0 hits, 0 errors, 0 left on base; Birmingham 0 - Montgomery 0 |
| BOTTOM OF THE 2ND |
|
Montgomery Biscuits batting - Pitching for Birmingham Barons : RHP Francisco Reyes
|
|
Batting: RHB Jonathan Fraire
|
0-0: Ball 1-0: Foul Ball, location: 2F 1-1: SINGLE (Line Drive, 78M, EV 96.9 MPH)
|
|
Batting: SHB Wayne Hattan
|
0-0: Called Strike 0-1: Foul Ball, location: 2F 0-2: Ball 1-2: Strikes out swinging
|
|
Batting: RHB Freddy Mullen
|
0-0: Ball Jonathan Fraire is caught stealing 2nd base 2-4 1-0: SINGLE (Groundball, 56D, EV 95.6 MPH)
|
|
Batting: SHB Julio Hernandez
|
0-0: Ball 1-0: Ground out 4-3 (Groundball, 4, EV 103.1 MPH)
|
| Bottom of the 2nd over - 0 runs, 2 hits, 0 errors, 1 left on base; Birmingham 0 - Montgomery 0 |
| TOP OF THE 3RD |
|
Birmingham Barons batting - Pitching for Montgomery Biscuits : RHP Eric Smith
|
|
Batting: LHB Jason Bell
|
0-0: Ball 1-0: Ball 2-0: Foul Ball, location: 2F 2-1: Swinging Strike 2-2: Strikes out swinging
|
|
Batting: RHB Chris Simmons
|
0-0: Ground out 5-3 (Groundball, 5, EV 85.0 MPH)
|
|
Batting: RHB Santos Guadalupe
|
0-0: Ball 1-0: Ball 2-0: Called Strike 2-1: Reached on error, E4 (Groundball, 4, EV 81.2 MPH)
|
|
Batting: RHB Jeremy Hoffert
|
0-0: Foul Ball, location: 2F 0-1: Foul Ball, location: 2F 0-2: Ball 1-2: Strikes out swinging
|
| Top of the 3rd over - 0 runs, 0 hits, 1 error, 1 left on base; Birmingham 0 - Montgomery 0 |
| BOTTOM OF THE 3RD |
|
Montgomery Biscuits batting - Pitching for Birmingham Barons : RHP Francisco Reyes
|
|
Batting: RHB Chris Glavin
|
0-0: Called Strike 0-1: Foul Ball, location: 2F 0-2: Ball 1-2: SINGLE (Groundball, 56D, EV 111.9 MPH)
|
|
Batting: LHB Bill McGregor
|
0-0: Foul Ball, location: 2F 0-1: Swinging Strike 0-2: Ball 1-2: Fly out, F5 (Popup, 5, EV 64.4 MPH)
|
|
Batting: LHB Mark Marvin
|
0-0: Called Strike 0-1: Ball Chris Glavin is caught stealing 2nd base 2-6 1-1: Ball 2-1: Ball 3-1: Base on Balls
|
|
Batting: SHB Lou Kroneman
|
0-0: Called Strike Mark Marvin steals 2nd base 0-1: Ball 1-1: DOUBLE (Line Drive, 9LS, EV 100.0 MPH) Mark Marvin scores
|
|
Batting: RHB David Ward
|
0-0: Swinging Strike 0-1: Ball 1-1: Swinging Strike 1-2: Strikes out swinging
|
| Bottom of the 3rd over - 1 run, 2 hits, 0 errors, 1 left on base; Birmingham 0 - Montgomery 1 |
| TOP OF THE 4TH |
|
Birmingham Barons batting - Pitching for Montgomery Biscuits : RHP Eric Smith
|
|
Batting: LHB Brandon Hopper
|
0-0: Foul Ball, location: 2F 0-1: Called Strike 0-2: Ground out 4-3 (Groundball, 4, EV 104.4 MPH)
|
|
Batting: RHB Guillermo Mojica
|
0-0: Ball 1-0: Ball 2-0: Fly out, F9 (Flyball, 89M, EV 96.9 MPH)
|
|
Batting: LHB Ryan Dyal
|
0-0: Ball 1-0: SINGLE (Groundball, 6D, EV 104.4 MPH)
|
|
Batting: LHB Josh Pittman
|
0-0: Swinging Strike 0-1: DOUBLE (Line Drive, 78D, EV 106.2 MPH) Ryan Dyal to third
|
|
Batting: LHB Carlos Ramirez
|
0-0: Ball 1-0: Called Strike 1-1: Foul Ball, location: 2F 1-2: Ground out 5-3 (Groundball, 5, EV 86.2 MPH)
|
| Top of the 4th over - 0 runs, 2 hits, 0 errors, 2 left on base; Birmingham 0 - Montgomery 1 |
| BOTTOM OF THE 4TH |
|
Montgomery Biscuits batting - Pitching for Birmingham Barons : RHP Francisco Reyes
|
|
Batting: RHB Jonathan Fraire
|
0-0: Called Strike 0-1: Ball 1-1: Ball 2-1: Ground out 6-3 (Groundball, 6, EV 86.9 MPH)
|
|
Batting: SHB Wayne Hattan
|
0-0: Ball 1-0: Ball 2-0: Swinging Strike 2-1: SINGLE (Flyball, 56D, EV 88.8 MPH)
|
|
Batting: RHB Freddy Mullen
|
0-0: Grounds into double play, 6-4-3 (Groundball, 6, EV 81.2 MPH)
|
| Bottom of the 4th over - 0 runs, 1 hit, 0 errors, 0 left on base; Birmingham 0 - Montgomery 1 |
| TOP OF THE 5TH |
|
Birmingham Barons batting - Pitching for Montgomery Biscuits : RHP Eric Smith
|
|
Batting: LHB Jason Bell
|
0-0: Called Strike 0-1: Ball 1-1: Swinging Strike 1-2: DOUBLE (Groundball, 3L, EV 101.2 MPH)
|
|
Batting: RHB Chris Simmons
|
0-0: Ball 1-0: Fly out, F4 (Popup, 6MS, EV 63.8 MPH)
|
|
Batting: RHB Santos Guadalupe
|
0-0: Fly out, F7 (Flyball, 7LM, EV 83.8 MPH)
|
|
Batting: RHB Jeremy Hoffert
|
0-0: Called Strike 0-1: Ball 1-1: Ball 2-1: Fly out, F8 (Flyball, 78M, EV 88.8 MPH)
|
| Top of the 5th over - 0 runs, 1 hit, 0 errors, 1 left on base; Birmingham 0 - Montgomery 1 |
| BOTTOM OF THE 5TH |
|
Montgomery Biscuits batting - Pitching for Birmingham Barons : RHP Francisco Reyes
|
|
Batting: SHB Julio Hernandez
|
0-0: Ball 1-0: Ground out 4-3 (Groundball, 4, EV 103.8 MPH)
|
|
Batting: RHB Chris Glavin
|
0-0: Ball 1-0: Called Strike 1-1: Ground out 5-3 (Groundball, 5, EV 83.8 MPH)
|
|
Batting: LHB Bill McGregor
|
0-0: Ball 1-0: Called Strike 1-1: Fly out, F8 (Flyball, 78M, EV 86.9 MPH)
|
| Bottom of the 5th over - 0 runs, 0 hits, 0 errors, 0 left on base; Birmingham 0 - Montgomery 1 |
| TOP OF THE 6TH |
|
Birmingham Barons batting - Pitching for Montgomery Biscuits : RHP Eric Smith
|
|
Batting: LHB Brandon Hopper
|
0-0: SINGLE (Groundball, 6MD, EV 96.9 MPH)
|
|
Batting: RHB Guillermo Mojica
|
0-0: Swinging Strike 0-1: Ball 1-1: Foul Ball, location: 2F 1-2: Ball 2-2: Foul Ball, location: 2F 2-2: Foul Ball, location: 2F 2-2: Foul Ball, location: 2F 2-2: Fly out, F7 (Flyball, 7LD, EV 100.0 MPH)
|
|
Batting: LHB Ryan Dyal
|
0-0: Ball 1-0: Fielders Choice at 2nd, 4-6 (Groundball, 4, EV 86.2 MPH)
|
|
Batting: LHB Josh Pittman
|
0-0: Foul Ball, location: 2F 0-1: Foul Ball, location: 2F 0-2: Ball 1-2: Fielders Choice at 2nd, 6-4 (Groundball, 6, EV 91.9 MPH)
|
| Top of the 6th over - 0 runs, 1 hit, 0 errors, 1 left on base; Birmingham 0 - Montgomery 1 |
| BOTTOM OF THE 6TH |
|
Montgomery Biscuits batting - Pitching for Birmingham Barons : RHP Francisco Reyes
|
|
Batting: LHB Mark Marvin
|
0-0: Ball 1-0: Called Strike 1-1: Ball 2-1: Called Strike 2-2: Strikes out swinging
|
|
Batting: SHB Lou Kroneman
|
0-0: Ball 1-0: Called Strike 1-1: Fly out, F7 (Flyball, 7LSF, EV 83.1 MPH)
|
|
Batting: RHB David Ward
|
0-0: Ball 1-0: Foul Ball, location: 2F 1-1: Foul Ball, location: 2F 1-2: Ball 2-2: SINGLE (Line Drive, 56D, EV 96.2 MPH)
|
|
Pinch Runner at 1st Dan Hunt:
|
|
|
Batting: RHB Jonathan Fraire
|
0-0: Hit by Pitch Dan Hunt to second
|
|
Batting: SHB Wayne Hattan
|
0-0: Ball 1-0: Ball 2-0: Ball 3-0: Base on Balls Dan Hunt to third Jonathan Fraire to second
|
|
Batting: RHB Freddy Mullen
|
0-0: Ball 1-0: Fielders Choice at 2nd, 6-4 (Groundball, 6D, EV 85.0 MPH)
|
| Bottom of the 6th over - 0 runs, 1 hit, 0 errors, 3 left on base; Birmingham 0 - Montgomery 1 |
| TOP OF THE 7TH |
|
Birmingham Barons batting - Pitching for Montgomery Biscuits : RHP Eric Smith
|
|
Now at 1B: Kunizo Yanagisawa
|
|
|
Batting: LHB Carlos Ramirez
|
0-0: Ball 1-0: Ground out U3 (Groundball, 3D, EV 103.1 MPH)
|
|
Pitching: LHP Bennett Mele
|
|
|
Batting: LHB Jason Bell
|
0-0: Ball 1-0: Ground out 4-3 (Groundball, 34, EV 84.4 MPH)
|
|
Pitching: LHP Sam Wesman
|
|
|
Batting: RHB Chris Simmons
|
0-0: Ball 1-0: Fly out, F8 (Flyball, 89M, EV 90.6 MPH)
|
| Top of the 7th over - 0 runs, 0 hits, 0 errors, 0 left on base; Birmingham 0 - Montgomery 1 |
| BOTTOM OF THE 7TH |
|
Montgomery Biscuits batting - Pitching for Birmingham Barons : RHP Francisco Reyes
|
|
Batting: SHB Julio Hernandez
|
0-0: Foul Ball, location: 2F 0-1: SINGLE (Groundball, 15S, EV 70.6 MPH) (infield hit)
|
|
Batting: RHB Chris Glavin
|
0-0: Ball 1-0: Ball 2-0: Ball 3-0: Called Strike 3-1: Called Strike 3-2: SINGLE (Groundball, 6D, EV 101.2 MPH) Julio Hernandez to second Runner from 2nd tries for 3rd, SAFE, throw by CF made to third
|
|
Batting: LHB Bill McGregor
|
0-0: Swinging Strike 0-1: Fly out, F9 (Flyball, 89M, EV 93.1 MPH)
|
|
Pitching: RHP Mario Zarate
|
|
|
Batting: LHB Mark Marvin
|
0-0: Ball 1-0: Ball 2-0: Ball 3-0: Called Strike 3-1: Squeeze Bunt to P - play home, runner scores, batter safe! Julio Hernandez scores Chris Glavin to second
|
|
Batting: SHB Lou Kroneman
|
0-0: Ball 1-0: Foul Ball, location: 2F 1-1: Called Strike 1-2: Fly out, F8 (Flyball, 78S, EV 89.4 MPH)
|
|
Batting: RHB Kunizo Yanagisawa
|
0-0: Called Strike 0-1: Ball 1-1: Ball 2-1: Foul Ball, location: 2F 2-2: Ball 3-2: Strikes out looking
|
| Bottom of the 7th over - 1 run, 2 hits, 0 errors, 2 left on base; Birmingham 0 - Montgomery 2 |
| TOP OF THE 8TH |
|
Birmingham Barons batting - Pitching for Montgomery Biscuits : LHP Sam Wesman
|
|
Now at 2B: Alex Genao
|
|
|
Batting: RHB Santos Guadalupe
|
0-0: Swinging Strike 0-1: Fly out, F9 (Flyball, 9, EV 95.0 MPH)
|
|
Batting: RHB Jeremy Hoffert
|
0-0: Fly out, F8 (Flyball, 8RS, EV 87.5 MPH)
|
|
Batting: LHB Brandon Hopper
|
0-0: Fly out, F8 (Line Drive, 8RS, EV 93.1 MPH)
|
| Top of the 8th over - 0 runs, 0 hits, 0 errors, 0 left on base; Birmingham 0 - Montgomery 2 |
| BOTTOM OF THE 8TH |
|
Montgomery Biscuits batting - Pitching for Birmingham Barons : RHP Mario Zarate
|
|
Pitching: RHP Matt Christensen
|
|
|
Batting: RHB Jonathan Fraire
|
0-0: Ball 1-0: Ball 2-0: Ball 3-0: Base on Balls
|
|
Batting: SHB Wayne Hattan
|
0-0: Ball 1-0: Called Strike Jonathan Fraire steals 2nd base (no throw) 1-1: Ball 2-1: Ground out 3-1 (Groundball, 34S, EV 88.1 MPH) Jonathan Fraire to third
|
|
Batting: RHB Freddy Mullen
|
0-0: Ball 1-0: Ball 2-0: Foul Ball, location: 2F 2-1: Swinging Strike 2-2: Ball 3-2: Strikes out swinging
|
|
Batting: SHB Julio Hernandez
|
0-0: Called Strike 0-1: Ball 1-1: Ball 2-1: Ball 3-1: SINGLE (Groundball, 3S, EV 67.5 MPH) (infield hit) Jonathan Fraire scores
|
|
Batting: RHB Chris Glavin
|
0-0: Ball 1-0: SINGLE (Line Drive, 9LM, EV 108.1 MPH) Julio Hernandez to second
|
|
Batting: LHB Bill McGregor
|
0-0: Foul Ball, location: 2F 0-1: Swinging Strike 0-2: Ball 1-2: Ball 2-2: Fly out, F8 (Flyball, 8RD, EV 93.1 MPH)
|
| Bottom of the 8th over - 1 run, 2 hits, 0 errors, 2 left on base; Birmingham 0 - Montgomery 3 |
| TOP OF THE 9TH |
|
Birmingham Barons batting - Pitching for Montgomery Biscuits : LHP Sam Wesman
|
|
Pitching: RHP Al Speer
|
|
|
Batting: RHB Guillermo Mojica
|
0-0: Ball 1-0: Foul Ball, location: 2F 1-1: Called Strike 1-2: Ball 2-2: Ground out 4-3 (Groundball, 34, EV 81.9 MPH)
|
|
Batting: LHB Ryan Dyal
|
0-0: Ball 1-0: Called Strike 1-1: SINGLE (Groundball, 56D, EV 96.9 MPH)
|
|
Batting: LHB Josh Pittman
|
0-0: Called Strike 0-1: Ball 1-1: Foul Ball, location: 2F 1-2: Grounds into double play, 2-4-3 (Groundball, 15S, EV 64.4 MPH)
|
| Top of the 9th over - 0 runs, 1 hit, 0 errors, 0 left on base; Birmingham 0 - Montgomery 3 |
|